AoeStats
← lo

Migration

509955510Analyzed
1v1 RM · 4d ago on Sep 28, 2026· 77m 43s· 2 players
Game mode
Random Map
Map size
132×132
Population
200
Speed
Normal
Resources
Standard
Victory
Conquest
Starting age
Dark Age
Ending age
Imperial Age
RankedLock teamsTeams togetherTeam positionsShared explorationLock speedFull tech treeHidden civsTurbo modeCheats
Victory
Defeat
🇪🇸 Byzantines · Spain
704
+16
🇧🇾 Khmer · Belarus
710
-16
rod105
12:20 Feudal Age
13:02 Double-Bit Axe
20:35 Castle Age
22:06 Bow Saw
23:48 Pikeman
23:48 Man-at-Arms
27:54 Long Swordsman
28:34 Squires
28:20 Arson
30:48 Treadmill Crane
33:50 Imperial Age
31:58 Scale Mail Armor
38:09 Wheelbarrow
37:59 Husbandry
39:32 Chemistry
38:53 Ballistics
39:11 Hand Cart
38:44 Horse Collar
39:17 Halberdier
39:18 Two-Handed Swordsman
39:43 Gambesons
39:44 Arson
39:24 Cavalier
39:28 Light Cavalry
41:49 Heavy Plow
42:55 Two-Man Saw
42:14 Scale Barding Armor
42:19 Forging
42:01 Fletching
42:11 Padded Archer Armor
42:27 Chain Mail Armor
43:28 Conscription
43:32 Elite Skirmisher
44:18 Thumb Ring
47:35 Chain Barding Armor
47:46 Plate Mail Armor
47:51 Iron Casting
47:11 Bodkin Arrow
47:32 Leather Archer Armor
55:19 Hussar
59:00 Plate Barding Armor
58:55 Ring Archer Armor
58:26 Bracer
64:58 Paladin
66:24 Hoardings
66:03 Logistica
65:17 Elite Cataphract
68:31 Medium Warships
lo
11:51 Feudal Age
16:21 Castle Age
14:25 Horse Collar
15:01 Double-Bit Axe
18:00 Wheelbarrow
17:30 Gold Mining
20:42 Bow Saw
20:45 Heavy Plow
26:24 Imperial Age
24:55 Fishing Lines
26:39 Hand Cart
27:44 Conscription
29:15 Double Crossbow
29:46 Scale Mail Armor
31:19 Gold Shaft Mining
31:54 Forging
31:50 Scale Barding Armor
31:36 Fletching
34:42 Bodkin Arrow
34:47 Pikeman
36:36 Chain Mail Armor
39:25 Cavalier
40:05 Husbandry
40:39 Chain Barding Armor
41:08 Iron Casting
40:38 Tusk Swords
42:11 Plate Barding Armor
42:49 Crop Rotation
44:14 Blast Furnace
49:53 Halberdier
59:27 Hoardings
60:46 Arson
62:02 Light Cavalry
62:53 Bloodlines
63:04 Gillnets
77:33 Hussar
Connection lost

Rejoining the realm…

Still unreachable

The connection could not be restored.

Session expired

The server has moved on; the page needs a fresh start.